 Dungeon Crawl Stone Soup version 0.31-a0-859-g9dce7d3444 (webtiles) character file.

Game seed: 12480620373832813162

4 redmage the Ruffian (level 1, -2/13 HPs)
             Began as an Octopode Shapeshifter on Oct 10, 2023.
             Slain by a gnoll
             ... wielding a +0 whip
              (5 damage)
             ... on level 1 of the Dungeon.
             The game lasted 00:00:20 (94 turns).

redmage the Ruffian (Octopode Shapeshifter)           Turns: 94, Time: 00:00:20

Health: -2/13      AC:  1    Str: 13    XL:     1   Next: 70%
Magic:  1/1        EV: 13    Int: 12    God:
Gold:   0          SH:  0    Dex: 11    Spells: 0/0 levels left

rFire   . .          .
                       - Unarmed
rCold   . . .        (no shield)
rNeg    . . .        (helmet currently unavailable)
rPois   .            (no amulet)
rElec   .            (no ring)
rCorr   .            (no ring)
SInv    .            (no ring)
Will    .....        (no ring)
Stlth   ++           (no ring)
HPRegen 0.22/turn    (no ring)
MPRegen 0.07/turn    (no ring)
                     (no ring)

%: no passive effects
@: beast-form
A: beast (slay +1), almost no armour, amphibious, 8 rings, camouflage 1,
gelatinous body 1, (nimble swimmer 1), tentacles
a: Begin Untransformation


You were on level 1 of the Dungeon.
You were a hulking beast.
You visited 1 branch of the dungeon, and saw 1 of its levels.

Inventory:

Talismans
 b - a beast talisman (active)
 c - a flux talisman
Scrolls
 d - a scroll of identify {unknown}
 e - a scroll of enchant weapon {unknown}
Potions
 a - a potion of lignification


   Skills:
 + Level 1.2 Fighting
 + Level 2.1 Dodging
 + Level 3.0 Unarmed Combat
 + Level 3.0 Shapeshifting


You couldn't memorise any spells.
You didn't know any spells.
Your spell library was empty.

Dungeon Overview and Level Annotations

Branches:
Dungeon (1/15)

Altars:


Innate Abilities, Weirdness & Mutations

You are a hulking beast.
Your limbs bulge with bestial killing power. (Slay +1)
You cannot wear most types of armour.
You are amphibious.
You can wear up to eight rings at the same time.
Your skin changes colour to match your surroundings (Stealth+).
Your rubbery body absorbs attacks. (AC +1, EV +1)
((You are camouflaged when in or above water. (Stealth+)))
You have tentacles for arms and can constrict up to eight enemies at once.


Message History

The endoplasm hits you.
You tentacle-slap the endoplasm. You squeeze the endoplasm.
You kill the endoplasm!
No target in view!
HP restored.
d - a scroll labelled OVUHIT KALOGU A bat comes into view.
You see here a scroll labelled SEAMEO HICIPY.
e - a scroll labelled SEAMEO HICIPY The helpless bat fails to defend itself.
You bludgeon the bat!
You kill the bat!
No target in view!
No target in view!
You see here a bat corpse.
A bat comes into view.
The bat misses you.
You closely miss the bat. You grab the bat. You squeeze the bat.
You kill the bat!
No target in view!
No target in view!
No target in view!
You see here a bat corpse.
You see here a bat corpse.
Found a stone staircase leading down.
A gnoll comes into view. It is wielding a +0 whip.
The gnoll shouts!
A ball python comes into view.
The gnoll hits you with a +0 whip.
You closely miss the gnoll.
The ball python hisses angrily.
Your grab misses the gnoll. You tentacle-slap the gnoll. You squeeze the gnoll.
The gnoll is moderately wounded.
The gnoll hits you with a +0 whip.
* * * LOW HITPOINT WARNING * * *
You tentacle-slap the gnoll. You grab the gnoll.
The gnoll is heavily wounded.
You constrict the gnoll, but do no damage.
The gnoll hits you with a +0 whip.
You die...

.# .# #. ### #
....#.# .#.#. .S.
#g# #h# ## #.# ..
#.## ###. #..# #..
##.# #.# #.# ##.#
########.# ...####
#......#.#
......####.####.#.#


You could see a gnoll and a ball python.

Vanquished Creatures
  An endoplasm (D:1)
  3 bats (D:1)
4 creatures vanquished.

Notes
Turn   | Place    | Note
-------+----------+-------------------------------------------
     0 | D:1      | redmage the Octopode Shapeshifter began the quest for the
                  | Orb.
     0 | D:1      | Reached XP level 1. HP: 13/13 MP: 1/1
    94 | D:1      | Slain by a gnoll

Illustrated notes

Levels and vault maps discovered:
D:1:      psy_arrival_terrarium, layout_loops_cross

Action                     || total
---------------------------++-------
  Melee: Unarmed           ||     7
         Constrict         ||     3
         Tentacles         ||     3
         Punch             ||     1
   Stab: Sleeping          ||     1
 Armour: Skin              ||     6
  Dodge: Dodged            ||     2

Table legend: (Time is in decaauts)
 A = Elapsed time spent in this place.
 B = Non-inter-level travel time spent in this place.
 C = Inter-level travel time spent in this place.
 D = Time resting spent in this place.
 E = Time spent auto-exploring this place.
 F = Levels seen in this place.
 G = Mean time per level.
                   A        B        C        D        E       F      G
               +--------+--------+--------+--------+--------+-----+--------+
         Total |     93 |     93 |      0 |      0 |     63 |   1 |   93.0 |
       Dungeon |     93 |     93 |      0 |      0 |     63 |   1 |   93.0 |
               +--------+--------+--------+--------+--------+-----+--------+

Top non-repeatable levels by time:
     D:1: 93 daAuts
